Map: Rosanegro LE

Players

Updown

  • Race: Terran Terran
  • Spawn Location: 7:00

IagoAbreu - Winner!

  • Race: Protoss Protoss
  • League: Gold
  • Spawn Location: 1:00

VOD

Have the link to the VOD?

Description

Time

  • Played on: March 16, 2018, 2:02 p.m.
  • Length: 14:31
Show
View Real Time Build Order
Export as new Build Order

Updown Terran 

Build Orders:  

Get SALT Encoding   

  12  0:30  Supply Depot  
  12  0:33  SCV  
  13  0:37  Refinery  
  13  0:45  SCV  
  14  0:55  Barracks  
  14  0:57  SCV  
  15  1:07  Refinery  
  15  1:09  SCV  
  16  1:30  SCV  
  17  1:43  SCV  
  18  1:50  Barracks Tech Lab  
  18  2:03  Factory  
  18  2:07  Ghost Academy  
  18  2:09  Orbital Command  
  18  2:18  Supply Depot  
  18  2:41  Personal Cloaking  
  18  2:46  Ghost Academy  
  18  2:49  SCV  
  19  2:53  Factory Tech Lab  
  19  3:04  SCV  
  20  3:07  Ghost  
  22  3:26  Nuke  
  22  3:31  SCV  
  23  3:48  Ghost  
  25  3:57  Command Center  
  25  4:07  Nuke  
  25  4:30  Siege Tank  
  28  4:36  Supply Depot  
  28  4:50  Factory  
  28  5:03  Refinery  
  28  5:11  Refinery  
  28  6:28  Orbital Command  
  28  6:29  Siege Tank  
  28  6:54  Nuke  
  28  6:55  Nuke  
  28  6:57  Factory Tech Lab  
  28  6:58  Ghost  
  30  7:05  Siege Tank  
  29  7:18  Starport  
  29  7:19  Starport  
  29  7:21  Starport  
  29  7:24  SCV  
  29  7:28  Siege Tank  
  33  7:40  Ghost  
  35  7:53  Ghost Academy  
  35  7:59  Command Center  
  35  8:02  Starport Tech Lab x3, Command Center  
  35  8:24  Ghost Academy  
  35  8:25  Nuke  
  35  8:34  Ghost  
  37  8:43  SCV  
  38  8:53  Banshee  
  42  8:55  SCV  
  42  9:13  Banshee  
  42  9:16  Orbital Command  
  45  9:18  Orbital Command  
  45  9:29  Nuke  
  45  9:36  Banshee  
  45  9:38  Banshee  
  51  9:50  SCV  
  52  10:02  SCV  
  52  10:06  Fusion Core  
  53  10:17  Siege Tank  
  38  10:45  Orbital Command  
  7  13:31  Siege Tank  
  10  13:37  Orbital Command  
  10  13:51  Orbital Command  
  10  14:09  Armory  
Show
View Real Time Build Order
Export as new Build Order

IagoAbreu Protoss - Winner!

Build Orders:  

Get SALT Encoding   

  12  0:05  Probe (Chrono Boost)  
  14  0:14  Probe (Chrono Boost)  
  14  0:19  Probe (Chrono Boost)  
  15  0:31  Pylon  
  15  0:42  Pylon  
  15  0:45  Pylon  
  15  0:49  Probe  
  16  0:55  Forge  
  16  1:07  Assimilator  
  16  1:09  Assimilator  
  16  1:11  Probe (Chrono Boost)  
  17  1:22  Probe (Chrono Boost)  
  18  1:27  Probe (Chrono Boost)  
  19  1:34  Gateway  
  19  1:37  Photon Cannon  
  19  1:43  Pylon  
  19  1:50  Probe  
  20  2:02  Probe  
  20  2:05  Photon Cannon  
  21  2:14  Probe  
  22  2:26  Photon Cannon  
  22  2:34  Photon Cannon  
  22  2:44  Cybernetics Core  
  22  2:47  Pylon  
  22  2:52  Pylon  
  22  3:00  Zealot  
  24  3:12  Protoss Shields Level 1  
  24  3:28  Stargate  
  24  3:30  Stargate  
  24  3:36  Zealot  
  26  3:50  Robotics Facility  
  26  4:39  Warp Prism (Chrono Boost)  
  28  4:46  Robotics Bay  
  28  5:12  Probe  
  28  5:13  Observer (Chrono Boost)  
  30  5:27  Observer, Oracle (Chrono Boost)  
  31  6:12  Oracle (Chrono Boost)  
  34  6:20  Colossus (Chrono Boost)  
  39  7:16  Oracle x2  
  45  7:24  Nexus  
  45  7:29  Assimilator  
  45  7:30  Assimilator  
  45  7:34  Pylon  
  45  7:37  Pylon  
  45  7:50  Nexus  
  45  7:53  Assimilator  
  45  7:57  Assimilator  
  45  7:59  Shield Battery  
  45  8:01  Pylon  
  45  8:04  Pylon  
  45  8:06  Shield Battery  
  45  8:07  Photon Cannon  
  45  8:09  Warp Prism  
  45  8:10  Observer  
  47  8:15  Phoenix x2  
  51  9:03  Probe (Chrono Boost)  
  51  9:08  Probe (Chrono Boost)  
  53  9:13  Probe (Chrono Boost)  
  53  9:16  Probe (Chrono Boost)  
  55  9:19  Probe (Chrono Boost)  
  55  9:21  Probe (Chrono Boost)  
  57  9:29  Probe  
  58  9:32  Void Ray x2  
  58  9:33  Probe  
  67  9:41  Probe  
  67  9:45  Probe  
  69  9:53  Stargate  
  69  9:57  Fleet Beacon  
  69  11:04  Phoenix x3 (Chrono Boost)  
  69  11:46  Phoenix x3  
  51  13:18  Pylon  
  51  13:22  Pylon  
  51  13:28  Forge  
  57  13:43  Stargate  
  57  13:44  Stargate  
Tags
 
League
Gold
Matchup
PvT
Spawn Locations
Cross Positions
Add a new tag
Caveats
  • Supply blocks, unpowered buildings, or Contaminate may cause inaccurate times.
  • Supply counts are checked every 10 seconds.